Map: Zen LE

Players

AGOElazer (Elazer) - Winner!

  • Race: Zerg Zerg
  • League: Master
  • Spawn Location: 1:00

HeroMarine

  • Race: Terran Terran
  • League: Master
  • Spawn Location: 7:00

Event: Shopify TSL 5

VOD

Have the link to the VOD?

Description

Time

  • Played on: May 24, 2020, 3:31 p.m.
  • Length: 6:06

All games in this series

Show
View Real Time Build Order
Export as new Build Order

AGOElazer Zerg - Winner!

Build Orders: Hatch First 

Get SALT Encoding   

  12  0:00  Drone  
  13  0:12  Overlord  
  13  0:17  Drone  
  14  0:30  Drone x2  
  16  0:47  Hatchery  
  15  0:51  Drone  
  15  0:54  Drone  
  17  0:58  Drone  
  18  1:08  Extractor  
  17  1:13  Spawning Pool  
  17  1:16  Drone  
  17  1:20  Drone  
  18  1:28  Drone  
  19  1:38  Drone  
  20  1:50  Drone  
  21  1:59  Queen x2  
  21  2:00  Zergling x4  
  27  2:06  Roach Warren  
  26  2:12  Overlord  
  26  2:16  Overlord  
  26  2:47  Roach x6  
  38  3:00  Roach, Overlord  
  40  3:17  Drone x3  
  43  3:22  Ravager  
  44  3:29  Drone x3  
  44  3:33  Drone x2  
  49  3:41  Ravager  
  49  3:43  Overlord  
  49  3:46  Drone  
  51  3:54  Drone  
  52  3:58  Hatchery  
  51  4:05  Drone x3  
  51  4:06  Drone x2  
  53  4:15  Drone  
  52  4:17  Drone  
  52  4:18  Metabolic Boost  
  47  4:26  Drone  
  47  4:29  Drone  
  41  4:32  Queen  
  41  4:35  Drone  
  42  4:43  Drone  
  43  4:45  Drone  
  43  4:48  Spore Crawler  
  43  4:49  Spore Crawler  
  43  4:51  Lair  
  43  4:52  Drone x4  
  46  4:58  Drone, Spore Crawler  
  46  4:59  Drone  
  47  5:01  Drone  
  47  5:03  Drone x2  
  50  5:13  Extractor  
  50  5:14  Queen, Zergling x6  
  53  5:23  Zergling x2  
  53  5:24  Zergling x8  
  58  5:31  Overlord  
  58  5:32  Drone x3  
  59  5:36  Drone x2  
  61  5:42  Overlord  
  61  5:47  Drone  
  61  5:48  Drone x2  
  66  5:51  Drone x2  
  66  5:53  Drone  
Show
View Real Time Build Order
Export as new Build Order

HeroMarine Terran 

Build Orders: Reaper Expand, Banshee Rush 

Get SALT Encoding   

  12  0:00  SCV  
  13  0:13  SCV  
  14  0:17  Supply Depot  
  14  0:25  SCV  
  15  0:38  SCV  
  15  0:39  Barracks  
  16  0:43  Refinery  
  16  0:50  SCV  
  17  1:02  SCV  
  18  1:15  SCV  
  19  1:26  Reaper  
  19  1:27  Orbital Command  
  20  1:42  Command Center  
  20  1:51  Supply Depot  
  20  1:52  SCV  
  22  2:01  Marine  
  22  2:04  SCV  
  23  2:09  Factory  
  23  2:16  SCV  
  23  2:21  Barracks Reactor  
  24  2:25  Refinery  
  24  2:28  SCV  
  25  2:41  SCV  
  26  2:53  SCV  
  26  2:55  Orbital Command  
  26  2:56  Starport  
  27  3:02  Hellion x2  
  27  3:04  Barracks Tech Lab  
  27  3:05  SCV  
  32  3:17  SCV  
  32  3:18  Supply Depot  
  33  3:22  SCV  
  33  3:23  Hellion x2  
  38  3:29  SCV  
  38  3:33  Marine  
  40  3:34  SCV  
  40  3:38  Cloaking Field, Banshee  
  44  3:41  SCV  
  44  3:46  SCV  
  45  3:55  SCV  
  44  3:58  SCV, Marine  
  36  4:11  SCV  
  28  4:22  SCV  
  28  4:24  SCV  
  13  4:34  SCV  
  13  4:36  SCV  
  16  4:46  SCV  
  16  4:47  Banshee  
  16  4:48  SCV  
  19  4:58  SCV  
  20  5:00  SCV  
  21  5:11  SCV  
  21  5:12  SCV, Factory Tech Lab  
  23  5:23  SCV  
  23  5:24  SCV  
  25  5:35  SCV  
  26  5:37  SCV  
  27  5:47  SCV  
  27  5:49  SCV  
Tags
 
Add a new tag
Caveats
  • Supply blocks, unpowered buildings, or Contaminate may cause inaccurate times.
  • Supply counts are checked every 10 seconds.